 Dungeon Crawl Stone Soup version 0.13.0-17-g5f0e85f (webtiles) character file.

546 Kejsarherre the Covered (level 6, -9/48 HPs)
             Began as a Hill Orc Wanderer on Oct 21, 2013.
             Mangled by Duvessa
             ... wielding a +1,+0 elven short sword
              (12 damage)
             ... on Level 4 of the Dungeon.
             The game lasted 00:05:39 (3889 turns).

Kejsarherre the Covered (Hill Orc Wanderer)         Turns: 3889, Time: 00:05:39

HP  -9/48        AC  7     Str 16      XL: 6   Next: 41%
MP   8/8         EV  8     Int 11      God:
Gold 237         SH  0     Dex 12      Spells:  0 memorised,  7 levels left

Res.Fire  : . . .   See Invis. : .   a - +1 orc mace
Res.Cold  : . . .   Warding    : .   i - +0 scale mail
Life Prot.: . . .   Conserve   : .   (no shield)
Res.Poison: .       Res.Corr.  : .   (no helmet)
Res.Elec. : .       Clarity    : .   (no cloak)
Sust.Abil.: . .     Spirit.Shd : .   (no gloves)
Res.Mut.  : .       Stasis     : .   (no boots)
Res.Rott. : .       Flight     : .   (no amulet)
Saprovore : + . .                    (no ring)
                                     (no ring)

@: slightly resistant to hostile enchantments, extremely unstealthy
A: saprovore 1
a: no special abilities


You were on level 4 of the Dungeon.
You were not hungry.

You visited 1 branch of the dungeon, and saw 5 of its levels.

You collected 187 gold pieces.

Inventory:

Hand weapons
 a - a +1,+1 orcish mace (weapon)
 w - a +2 elven blowgun
Armour
 i - a +0 scale mail (worn)
Comestibles
 c - 2 meat rations
 d - a pear
 h - a slice of pizza
 j - a bread ration
 A - an apple
Scrolls
 b - a scroll of fear {unknown}
 e - 2 scrolls of remove curse {unknown}
 f - a scroll of blinking {unknown}
 g - 6 scrolls of identify {unknown}
 k - 3 scrolls of fog {unknown}
 l - a scroll of noise {unknown}
 o - a scroll of enchant armour {unknown}
 p - 3 scrolls of magic mapping {unknown}
 r - a scroll of enchant weapon II {unknown}
 t - a scroll of recharging {unknown}
 E - 3 scrolls of teleportation
Jewellery
 m - an uncursed amulet of faith {unknown}
Potions
 n - 2 potions of brilliance {unknown}
 q - 3 potions of restore abilities {unknown}
 v - a potion of poison {unknown}
 z - a potion of confusion {unknown}
Books
 u - a Grand Grimoire {highlevel}

   This book is beyond your current level of understanding.

   Spells                             Type                      Level
   Demonic Horde                      Summoning                    6
   Mass Abjuration                    Summoning                    6
   Haunt                              Necromancy/Summoning         7
   Summon Greater Demon               Summoning                    7
   Malign Gateway                     Summoning/Translocation      7
   Summon Horrible Things             Summoning                    8
 y - a book of Alchemy

   Spells                             Type                      Level
   Lethal Infusion                    Charms/Necromancy            2
   Sublimation of Blood               Necromancy                   2
   Condensation Shield                Ice                          4
   Alistair's Intoxication            Transmutation/Poison         4
   Petrify                            Transmutation/Earth          4
   Ignite Poison                      Fire/Transmutation           5
 D - a book of Power

   Spells                             Type                      Level
   Iskenderun's Mystic Blast          Conjuration                  4
   Venom Bolt                         Conjuration/Poison           5
   Bolt of Magma                      Conjuration/Fire/Earth       5
   Fulminant Prism                    Conjuration/Hexes            5
   Iron Shot                          Conjuration/Earth            6
   Orb of Destruction                 Conjuration                  7


   Skills:
 + Level 3.2 Fighting
 - Level 4.3 Maces & Flails
 + Level 6.1 Armour
 - Level 1.0 Stealth
 - Level 1.0 Spellcasting
   Level 2.0 Conjurations
   Level 1.2 Invocations


You had 7 spell levels left.
You didn't know any spells.

Dungeon Overview and Level Annotations

Branches:
Dungeon (5/27)
 Temple: D:4-7

Altars:

Annotations:
D:4 Duvessa; Stormphoenix's ghost, average NaAs


Innate Abilities, Weirdness & Mutations

You can tolerate rotten meat.


Message History

You are too injured to fight recklessly!
You are too injured to fight recklessly!
You hit Duvessa but do no damage.
Duvessa is almost dead.
Duvessa hits you with an elven short sword.
* * * LOW HITPOINT WARNING * * *
Duvessa barely misses you.
You hit Duvessa but do no damage.
Duvessa is almost dead.
Duvessa hits you but does no damage.
You hit Duvessa but do no damage.
Duvessa is almost dead.
Duvessa hits you with an elven short sword.
* * * LOW HITPOINT WARNING * * *
Drink which item? (? for menu, Esc to quit)
You feel better.
Duvessa hits you with an elven short sword.
* * * LOW HITPOINT WARNING * * *
Duvessa hits you with an elven short sword!
You die...

########## #........#
######........#########
#>e....................
#(###.........#########
#..##.........#
#..((.........# #####
#(.###e).....(# #....
########..#
#@.......#####....
#.........#
##########........
#.######.## #........
#e# ### #........ #.#
#<# #........
##.#.######.# #.###
#........ .....e..)...#
#...# #........
...?........# ####.#
##........ ...........#
#....# #........#


You could see Duvessa (berserk).

Vanquished Creatures
  Dowan (D:4)
  2 hounds (D:4)
  A worker ant (D:4)
  A worker ant zombie (D:3)
  8 adders
  A gnoll (D:1)
  2 giant mites
  An inept item mimic (D:4)
  2 worms
  A giant eyeball (D:4)
  A giant gecko (D:4)
  An ooze (D:3)
  An orc (D:3)
  6 giant cockroaches
  8 goblins
  9 hobgoblins
  6 kobolds
  A quokka (D:3)
  3 bats
  5 giant newts
  A goblin skeleton (D:4)
  5 jackals
  12 rats
79 creatures vanquished.

Notes
Turn   | Place    | Note
--------------------------------------------------------------
     0 | D:1      | Kejsarherre, the Hill Orc Wanderer, began the quest for the Orb.
     0 | D:1      | Reached XP level 1. HP: 15/15 MP: 2/2
    81 | D:1      | Reached skill level 1 in Armour
   157 | D:1      | Reached XP level 2. HP: 7/22 MP: 3/3
   492 | D:1      | Reached XP level 3. HP: 3/27 MP: 4/4
  1310 | D:2      | Reached XP level 4. HP: 27/35 MP: 6/6
  1994 | D:3      | Reached XP level 5. HP: 35/40 MP: 7/7
  2747 | D:4      | Reached skill level 5 in Armour
  2892 | D:4      | Noticed Stormphoenix's ghost (average NaAs)
  3257 | D:4      | Reached XP level 6. HP: 39/48 MP: 8/8
  3379 | D:4      | Paralysed by a giant eyeball for 2 turns
  3509 | D:4      | Noticed Duvessa
  3511 | D:4      | Noticed Dowan
  3527 | D:5      | Entered Level 5 of the Dungeon
  3874 | D:4      | Killed Dowan
  3874 | D:4      | Reached skill level 6 in Armour
  3883 | D:4      | HP: 2/48 [Duvessa/elven short sword (13)]
  3888 | D:4      | HP: 1/48 [Duvessa/elven short sword (6)]
  3889 | D:4      | Mangled by Duvessa

Action                   |  1- 3 |  4- 6 || total
-------------------------+-------+-------++-------
Melee: Mace              |   117 |   198 ||   315
 Fire: Blowgun           |       |     5 ||     5
  Use: Potion            |     2 |     4 ||     6
